 Dungeon Crawl Stone Soup version 0.27-a0-972-gd1521fd518 (webtiles) character file.

Game seed: 14227098842592649913

84 tardwrangler69 the Digger (level 4, -1/33 HPs)
             Began as a Draconian Earth Elementalist on Apr 13, 2021.
             Slain by a gnoll
             ... wielding a +0 whip
              (5 damage)
             ... on level 2 of the Dungeon.
             The game lasted 00:02:09 (2926 turns).

tardwrangler69 the Digger (DrEE)                    Turns: 2926, Time: 00:02:09

Health: -1/33      AC:  5    Str: 10    XL:     4   Next: 23%
Magic:  7/8        EV: 12    Int: 16    God:
Gold:   97         SH:  0    Dex: 12    Spells: 7/8 levels left

rFire    . . .     SeeInvis .   a - +0 dagger
rCold    . . .     Faith    .   (no shield)
rNeg     . . .     Spirit   .   (armour unavailable)
rPois    .         Reflect  .   (helmet restricted)
rElec    .         Harm     .   (no cloak)
rCorr    .         Rampage  .   (no gloves)
Will     .....                  (no boots)
Stlth    ++........             (no amulet)
HPRegen  0.11/turn              (no ring)
MPRegen  0.11/turn              (no ring)

@: no status effects
A: AC +5, unfitting armour, cold-blooded
a: no special abilities


You were on level 2 of the Dungeon.
You visited 1 branch of the dungeon, and saw 2 of its levels.

You collected 97 gold pieces.

Inventory:

Hand Weapons
 a - a +0 dagger (weapon)
Missiles
 b - 81 stones
Scrolls
 c - a scroll of identify {unknown}
 e - a scroll of enchant armour {unknown}
Potions
 d - a potion of haste {unknown}


   Skills:
 - Level 1.7 Dodging
 - Level 1.7 Stealth
 + Level 2.9 Spellcasting
 - Level 1.0 Transmutations
 * Level 4.5 Earth Magic


You had 7 spell levels left.
You knew the following spells:

 Your Spells              Type           Power      Damage    Failure   Level
a - Sandblast             Erth           32%        2d9       3%          1

Your spell library contained the following spells:

 Spells                   Type           Power      Damage    Failure   Level
 Passwall                 Tmut/Erth      9%         N/A       9%          2
 Stone Arrow              Conj/Erth      18%        3d8       22%         3
 Confusing Touch          Hex            2%         N/A       50%         3
 Gell's Gravitas          Tloc           1%         N/A       50%         3
 Petrify                  Tmut/Erth      11%        N/A       52%         4
 Lee's Rapid Deconstruct  Erth           8%         3d8*      63%         5
 Metabolic Englaciation   Hex/Ice        1%         N/A       99%         5
 Yara's Violent Unravell  Hex/Tmut       1%         3d3       99%         5


Dungeon Overview and Level Annotations

Branches:
Dungeon (2/15)

Altars:
Xom


Innate Abilities, Weirdness & Mutations

Your plain brown scales are hard. (AC +5)
You cannot fit into any form of body armour.
You are cold-blooded and may be slowed by cold attacks.


Message History

You hit the gnoll but do no damage.
The gnoll is moderately wounded.
The kobold hits you with a +0 dagger.
You hit the gnoll.
The gnoll is heavily wounded.
The kobold closely misses you. The gnoll closely misses you.
You hit the gnoll.
Your tail-slap misses the gnoll.
The gnoll is severely wounded.
The gnoll hits you with a +0 flail. The kobold hits you with a +0 dagger.
The gnoll misses you.
You barely miss the gnoll.
Your tail-slap misses the gnoll.
The gnoll is severely wounded.
The gnoll misses you. The kobold hits you but does no damage.
The gnoll misses you.
You closely miss the gnoll.
You tail-slap the gnoll, but do no damage.
The gnoll is severely wounded.
The gnoll misses you. The kobold completely misses you.
The gnoll hits you with a +0 whip.
You hit the gnoll.
The gnoll is almost dead.
The gnoll hits you with a +0 flail. The kobold barely misses you.
The gnoll hits you with a +0 whip.
* * * LOW HITPOINT WARNING * * *
You are too injured to fight recklessly!
You are too injured to fight recklessly!
You are too injured to fight recklessly!
You are too injured to fight recklessly!
You are too injured to fight recklessly!
Casting: Sandblast (safe; 3% risk of failure)
Confirm with . or Enter, or press ? or * to list all spells.
Aiming: Sandblast (safe; 3% risk of failure)
Press: ? - help, Shift-Dir - straight line, f - gnoll
Aim: a gnoll, wielding a +0 flail (18% to evade)
The blast of sand hits the gnoll.
The gnoll is moderately wounded.
The gnoll hits you with a +0 flail.
* * * LOW HITPOINT WARNING * * *
The kobold misses you. The gnoll hits you with a +0 whip.
You die...

# #.##)# #.##.##.# ####
#.....†h# ...# ####h####
...# #.# ...# ####g###
g..# #.g....# ...#
######.##.#.# ##g#.#
#....#.##.#.# #@g#(#
.......##.#.#.##K##.#
....##.##.#.#.†.....####.
._..##.#....####.........
....##......## #...#####
....##...)...###..##
##.###........##..# ###
##.###............# #..
.....^.#...######.## #.#


You could see 3 gnolls and a kobold.

Vanquished Creatures
  Robin (D:2)
  3 ball pythons (D:1)
  3 endoplasms
  A giant cockroach (D:1)
  12 goblins
  10 hobgoblins
  12 jackals
  7 kobolds
  8 bats
  4 frilled lizards
  A rat (D:1)
62 creatures vanquished.

Notes
Turn   | Place    | Note
-------+----------+-------------------------------------------
     0 | D:1      | tardwrangler69 the Draconian Earth Elementalist began the
                  | quest for the Orb.
     0 | D:1      | Reached XP level 1. HP: 14/14 MP: 3/3
    35 | D:1      | Found a faded altar of an unknown god.
   395 | D:1      | Reached XP level 2. HP: 16/20 MP: 3/5
  1352 | D:1      | Reached XP level 3. HP: 12/26 MP: 4/6
  1734 | D:1      | Reached skill level 4 in Earth Magic
  1980 | D:2      | Found a shimmering altar of Xom.
  2028 | D:2      | Noticed Robin
  2359 | D:2      | Killed Robin
  2363 | D:2      | Reached XP level 4. HP: 27/33 MP: 0/8
  2926 | D:2      | Slain by a gnoll

Illustrated notes

Levels and vault maps discovered:
D:1:      minmay_arrival_hallway, layout_basic,
          shapermc_ecumenical_altar_notcrosses
D:2:      layout_loops_cross, basic_altar, uniq_robin

Skill      XL: |  1  2  3 |
---------------+----------+-----
Earth Magic    | 4 |  4.5
Dodging        | |  1.7
Stealth        | |  1.7
Spellcasting   | |  2.9
Transmutations | |  1.0

Action                   |  1- 3 |  4- 6 || total
-------------------------+-------+-------++-------
Melee: Unarmed           |    14 |       ||    14
       Tailslap          |    16 |     6 ||    22
       Dagger            |   149 |    69 ||   218
 Cast: Sandblast         |    22 |     1 ||    23
 Stab: Sleeping          |     7 |     1 ||     8
Armor: Skin              |    56 |    28 ||    84
Dodge: Dodged            |   137 |    61 ||   198

Table legend: (Time is in decaauts)
 A = Elapsed time spent in this place.
 B = Non-inter-level travel time spent in this place.
 C = Inter-level travel time spent in this place.
 D = Time resting spent in this place.
 E = Time spent auto-exploring this place.
 F = Levels seen in this place.
 G = Mean time per level.
                   A        B        C        D        E       F      G
               +--------+--------+--------+--------+--------+-----+--------+
         Total |   2930 |   2892 |     38 |    275 |   2139 |   2 | 1465.0 |
       Dungeon |   2930 |   2892 |     38 |    275 |   2139 |   2 | 1465.0 |
               +--------+--------+--------+--------+--------+-----+--------+

Top non-repeatable levels by time:
     D:1: 2165 daAuts
     D:2: 764 daAuts
